[Event "Czech Extraliga 2023-24"]
[Site "Czech Republic"]
[Date "2024.02.10"]
[Round "7.5"]
[White "Blahynka, Martin"]
[Black "Zwardon, Vojtech"]
[Result "1/2-1/2"]
[ECO "A45"]
[WhiteElo "2383"]
[BlackElo "2452"]
[Annotator "TA"]
[PlyCount "106"]
[EventDate "2023.10.14"]
[EventCountry "CZE"]
[SourceTitle "playchess.com"]
[Source "ChessBase"]
[SourceQuality "1"]
[TimeControl "40/5400+30:1800+30"]

1. d4 Nf6 2. Bf4 d6 3. Nc3 Nbd7 4. Nf3 c6 5. e4 Qa5 6. Bd2 {[%emt 0:14:04] A45: Trompowsky Attack.} Qc7 7. Bd3 e5 8. O-O h6 9. a4 a5 $146 ({Predecessor:} 9... a6 10. a5 Be7 11. Be3 Rg8 12. Qe2 {1-0 Trevis,R (1340)-Wells,K (1200) IECG QE.2002.0.00022}) 10. Qe2 Be7 11. Nd1 O-O 12. Ne3 Re8 13. dxe5 Nxe5 14. Nxe5 dxe5 15. Bc4 Bc5 16. Qf3 Bxe3 17. Bxe3 Be6 18. Bd3 Nd7 19. Qg3 Kh7 20. f4 f6 21. f5 Bf7 22. Qf2 Reb8 23. g4 b5 24. b3 bxa4 25. Rxa4 Nb6 26. Bxb6 (26. Ra3 $16) 26... Rxb6 $11 27. Qc5 Rb4 28. Rfa1 Rxa4 29. Rxa4 Qd8 $1 30. Ra3 (30. Qxc6 $2 Be8 31. Qd5 Bxa4 32. bxa4 Qb6+ 33. Kg2 Rd8 $19) 30... Rb8 $1 31. Qc3 Qb6+ 32. Kg2 Ra8 33. Be2 Ra7 34. Ra1 c5 35. h4 c4 {[%emt 0:11:15] [#]} (35... Qb4 $11 36. Qxb4 cxb4) 36. g5 $1 $16 (36. Bxc4 $6 Bxc4 37. bxc4 (37. Qxc4 Qd8 $11) 37... g6 $11) 36... fxg5 (36... cxb3 $2 37. g6+ Bxg6 38. fxg6+ Kxg6 39. h5+ (39. cxb3 Kh7 $18) (39. Qxb3 Qc6 $18) 39... Kh7 40. cxb3 $18) 37. hxg5 cxb3 38. g6+ (38. cxb3 Rc7 39. Qxa5 (39. Qxe5 Rc6 $11) 39... Qc6 $18) 38... Bxg6 39. fxg6+ (39. Qxb3 $1 $16 Qc6 40. fxg6+ Qxg6+ 41. Kh3) 39... Qxg6+ $11 40. Kh3 $1 bxc2 (40... Qxe4 $2 {is the wrong capture.} 41. Bd3 $18 (41. Rxa5 $2 {loses.} Qh1+ 42. Kg3 Rxa5 $19) (41. Rxa5 $2 {too greedy.} Qh1+ 42. Kg3 Rxa5 $19)) 41. Qxc2 Qb6 42. Ra3 a4 43. Bg4 g6 44. Rxa4 Qe3+ 45. Kg2 Rf7 46. Qe2 Qg5 47. Kh3 h5 (47... Rf4 $5 48. Ra7+ $8 Kh8 49. Ra8+ Kg7 50. Ra7+ Kh8 51. Ra8+ Kg7 52. Ra7+ Kh8 $11) 48. Bf3 Qf4 49. Ra3 Kh6 50. Kg2 Qg5+ 51. Kf2 Qh4+ 52. Kg2 Qg5+ 53. Kf2 Qh4+ 1/2-1/2

[Event "Czech Extraliga 2023-24"]
[Site "Czech Republic"]
[Date "2024.02.10"]
[Round "7.6"]
[White "LIN9 Kaczur Florian IM"]
[Black "NOV10 Zilka Stepan GM"]
[Result "1/2-1/2"]
[ECO "E16"]
[WhiteElo "2504"]
[BlackElo "2599"]
[Annotator "NA"]
[PlyCount "35"]
[EventDate "2023.10.14"]
[EventCountry "CZE"]
[SourceTitle "playchess.com"]
[Source "ChessBase"]
[SourceQuality "1"]
[TimeControl "40/5400+30:1800+30"]

1. d4 Nf6 2. c4 e6 3. Nf3 b6 4. g3 Bb7 5. Bg2 Bb4+ 6. Bd2 Bxd2+ 7. Qxd2 O-O 8. Nc3 Ne4 9. Qc2 Nxc3 10. Qxc3 d6 11. O-O Nd7 12. Ne1 Bxg2 13. Nxg2 c5 14. Rfd1 Qc7 15. Rac1 Nf6 16. Ne3 Rfe8 17. h3 h6 18. Qd3 1/2-1/2

[Event "Czech Extraliga 2023-24"]
[Site "Czech Republic"]
[Date "2024.02.10"]
[Round "7.6"]
[White "Jirovsky, Milos"]
[Black "Cech, Pavel"]
[Result "1/2-1/2"]
[ECO "E07"]
[WhiteElo "2458"]
[BlackElo "2346"]
[Annotator "TA"]
[PlyCount "68"]
[EventDate "2023.10.14"]
[EventCountry "CZE"]
[SourceTitle "playchess.com"]
[Source "ChessBase"]
[SourceQuality "1"]
[TimeControl "40/5400+30:1800+30"]

1. c4 c6 2. Nf3 d5 3. Qb3 Nf6 4. d4 e6 5. g3 Nbd7 6. Bg2 Be7 7. O-O O-O 8. Bf4 b6 9. Nc3 Bb7 10. Rac1 Nh5 11. Bd2 Nhf6 12. Rfd1 Rc8 13. Bg5 h6 14. Bxf6 Nxf6 15. Ne5 Nd7 16. Nxd7 Qxd7 17. Qa4 {[%emt 0:00:05] Dodges Ba6} dxc4 18. Qxc4 Rfd8 19. e3 Qd6 20. f4 {[%emt 0:07:43] The position is equal.} Qb8 21. b4 c5 22. dxc5 Rxd1+ 23. Rxd1 {[%emt 0:00:26] [#] Strongly threatening c6.} Bxg2 24. Kxg2 bxc5 25. b5 Rd8 26. Kf2 Rxd1 27. Nxd1 $11 {[%emt 0:00:05][%mdl 4096] Endgame. KQB-KQN} Qb7 28. e4 Bf6 29. e5 Bd8 30. Ne3 (30. Qxc5 $2 {too greedy.} Bb6 $19) 30... Qh1 31. h4 Qh2+ 32. Kf3 Qh1+ 33. Kf2 Qh2+ 34. Kf3 Qh1+ {[%emt 0:09:08] An interesting draw.   Weighted Error Value: White=0.04 (flawless) /Black=0.03 (flawless) .  Inaccurate:     	White=1     	Black=1      OK:         	White=6     	Black=13     Best:        	White=3     	---} 1/2-1/2

[Event "Czech Extraliga 2023-24"]
[Site "Czech Republic"]
[Date "2024.02.10"]
[Round "7.6"]
[White "Straka, Vojtech"]
[Black "Kraus, Tomas"]
[Result "0-1"]
[ECO "D31"]
[WhiteElo "2439"]
[BlackElo "2484"]
[Annotator "TA"]
[PlyCount "68"]
[EventDate "2023.10.14"]
[EventCountry "CZE"]
[SourceTitle "playchess.com"]
[Source "ChessBase"]
[SourceQuality "1"]
[TimeControl "40/5400+30:1800+30"]

1. c4 e6 2. Nc3 d5 3. d4 Bb4 4. a3 Bxc3+ 5. bxc3 c5 6. e3 Ne7 7. Nf3 O-O 8. Be2 ({But not} 8. dxc5 Nd7 $11) 8... Qc7 {[%emt 0:10:25] The position is equal.} 9. cxd5 exd5 10. O-O Nd7 11. a4 (11. c4 $14) 11... c4 $1 $11 12. Ba3 Re8 13. Nd2 Nf6 14. Bxe7 Rxe7 15. Qb1 g6 16. a5 Bf5 17. Qb4 h5 18. Rfe1 Kg7 19. Bf3 Rd8 20. h4 Ng4 21. g3 {[%emt 0:05:52] [#]} (21. Nf1 $1 $11) 21... Rxe3 $3 $17 22. Rxe3 (22. Kg2 Rd3) 22... Nxe3 23. Qb5 {[%emt 0:02:22] White is weak on the light squares} a6 $36 {[%emt 0:04:11][%mdl 2048] White is under strong pressure.} 24. Qb2 Ng4 25. Bxg4 hxg4 (25... Bxg4 $142 26. Nf1 Re8) 26. Nf1 Re8 $1 27. Qd2 {[%emt 0:00:18] [#]} Be4 {[%emt 0:01:49] Black has more active pieces.} (27... b5 $1 $17 {White must now prevent ...Be4.} 28. axb6 Qxb6) 28. Ne3 {[%emt 0:00:39] [#] White does not recover from this.} (28. Nh2 $1 $15) 28... Bf3 $1 $19 29. Kh2 Re6 30. Qb2 (30. Kg1 $142) 30... b5 31. axb6 Rxb6 ({Not} 31... Qxb6 32. Qc1 $19) 32. Qd2 (32. Qc1) 32... Qb8 {[%emt 0:01:07] Black is clearly winning.} 33. Ng2 (33. Qc1 $142 Qe8 34. Kg1) 33... Rb2 34. Qe1 Re2 {[%emt 0:00:28] Weighted Error Value: White=0.52/Black=0.09 (flawless) .  Mistake:       	White=6     	Black=2      Inaccurate:     	White=2     	Black=1      OK:         	White=5     	Black=10     Strong:       	---       	Black=3      Brilliant:      	---       	Black=1} 0-1

[Event "Czech Extraliga 2023-24"]
[Site "Czech Republic"]
[Date "2024.02.10"]
[Round "7.6"]
[White "Piesik, Piotr"]
[Black "Berezjuk, Sergej"]
[Result "0-1"]
[ECO "C24"]
[WhiteElo "2421"]
[BlackElo "2342"]
[Annotator "TA"]
[PlyCount "82"]
[EventDate "2023.10.14"]
[EventCountry "CZE"]
[SourceTitle "playchess.com"]
[Source "ChessBase"]
[SourceQuality "1"]
[TimeControl "40/5400+30:1800+30"]

1. e4 e5 2. Bc4 Nf6 3. d3 c6 4. Nf3 d5 5. Bb3 a5 {[%emt 0:00:06] ...a4 would now be deadly.} 6. Nc3 Bb4 $1 {[%emt 0:12:21] Hoping for ...a4.} 7. a3 $1 Bxc3+ 8. bxc3 {[%emt 0:00:04] The position is equal.} a4 9. Ba2 O-O 10. exd5 Nxd5 11. Bd2 f6 12. c4 Ne7 13. Rb1 c5 14. O-O Nbc6 15. Qe2 b6 16. Rb2 Bg4 17. c3 {[%emt 0:00:18] Prevents Nd4.} Qc7 18. Bb1 Rfe8 19. h3 Bh5 20. g4 (20. Bc2 $11) 20... Bf7 $1 $15 21. Nh4 Ng6 (21... Rad8 $17) 22. Nf5 Nce7 23. Nxe7+ ({White should try} 23. Qe4 $15) 23... Rxe7 $17 24. Re1 Be8 25. f3 $1 Bc6 26. Qf2 {[%emt 0:00:16] Repels Nh4} Rae8 27. d4 {[%emt 0:02:25] Black continues to play with concentration.} ({Better is} 27. h4 $1 $15) 27... exd4 $19 28. Rxe7 Rxe7 29. cxd4 cxd4 30. f4 {[%emt 0:00:07] [#]} Bb7 $1 31. Bd3 $2 (31. Qxd4 Nh4 32. Kf2) 31... Qc6 32. Kh2 {[%emt 0:00:03] [#]} Nh4 $1 {[%emt 0:02:21][%mdl 512] ( -> ...Qh1+)} 33. Kg3 Nf3 {[%emt 0:00:58] Threatens to win with ...Nxd2.} 34. c5 Nxd2 (34... Qxc5 $2 {too greedy.} 35. Bb4 Qc7 36. Rc2 $18 (36. Bxe7 g5 $17)) 35. Rxd2 Re3+ 36. Kh4 Qxc5 {[%emt 0:01:38] Black mates.} 37. Bf5 g5+ 38. fxg5 fxg5+ ({Stronger than} 38... Qxa3 39. Bxh7+ Kxh7 40. Qf5+ Kg8 41. Qg6+ Kf8 42. Qxf6+ Kg8 (42... Ke8 43. Qh8+ Kd7 44. Qxd4+ Kc7 45. Qd8+ Kc6 46. Qd5+ Kc7 47. Qd8+ Kc6 48. Qd5+ Kc7 49. Qd8+ $11) 43. Qg6+ Kf8 44. Qh6+ Ke8 45. Qh8+ Qf8 46. Qxd4 $11) 39. Kh5 Rxh3+ 40. Kxg5 Qe7+ 41. Kf4 Qd6+ {[%emt 0:30:21] Weighted Error Value: White=0.62/Black=0.07 (flawless) .  Mistake:       	White=4     	Black=1      Inaccurate:     	White=4     	Black=2      OK:         	White=10    	Black=8      Best:        	---       	Black=1      Strong:       	White=2     	Black=3} 0-1

[Event "Czech Extraliga 2023-24"]
[Site "Czech Republic"]
[Date "2024.02.10"]
[Round "7.6"]
[White "Jurcik, Martin"]
[Black "Kulhanek, Tomas"]
[Result "1/2-1/2"]
[ECO "C07"]
[WhiteElo "2359"]
[BlackElo "2316"]
[Annotator "TA"]
[PlyCount "45"]
[EventDate "2023.10.14"]
[EventCountry "CZE"]
[SourceTitle "playchess.com"]
[Source "ChessBase"]
[SourceQuality "1"]
[TimeControl "40/5400+30:1800+30"]

1. e4 e6 2. d4 d5 3. Nd2 c5 4. Ngf3 cxd4 5. Nxd4 Nc6 6. Bb5 Bd7 7. Nxc6 bxc6 8. Bd3 Bd6 9. Qe2 Qb8 10. Nf3 dxe4 {[%emt 0:01:01] White has an edge.} 11. Bxe4 Nf6 12. Bd3 O-O 13. O-O h6 14. Re1 Bf4 (14... e5 $11) 15. c4 Bxc1 16. Raxc1 c5 17. Ne5 {[%emt 0:03:18][%cal Od3e4] [#] Threatens to win with Be4!} Rd8 18. Bb1 Be8 19. Rc3 Rd4 {[%emt 0:02:12] The position is equal.} 20. Nf3 Rd8 21. Ne5 Rd4 22. Nf3 Rd8 23. Ne5 {[%emt 0:08:51] Weighted Error Value: White=0.07 (flawless) /Black=0.05 (flawless) .  Mistake:       	---       	Black=1      Inaccurate:     	White=2     	---        OK:         	White=4     	Black=6} 1/2-1/2

[Event "Czech Extraliga 2023-24"]
[Site "Czech Republic"]
[Date "2024.02.10"]
[Round "7.7"]
[White "Pulpan, Jakub"]
[Black "Kusa, Jakub"]
[Result "1/2-1/2"]
[ECO "C54"]
[WhiteElo "2393"]
[BlackElo "2350"]
[Annotator "TA"]
[PlyCount "77"]
[EventDate "2023.10.14"]
[EventCountry "CZE"]
[SourceTitle "playchess.com"]
[Source "ChessBase"]
[SourceQuality "1"]
[TimeControl "40/5400+30:1800+30"]

1. e4 e5 2. Nf3 Nc6 3. Bc4 Bc5 4. d3 Nf6 5. O-O d6 6. c3 a5 7. Nbd2 O-O 8. a4 Ba7 9. Re1 Be6 10. Qb3 Qd7 11. Nf1 Bxc4 12. Qxc4 Ne7 13. Qb3 Qe6 14. Qc2 (14. Qxb7 $2 Bb6 15. Be3 Rfb8 $19) 14... h6 15. Ng3 Ng6 16. d4 c6 17. h3 Rfe8 18. Be3 d5 19. dxe5 (19. Nxe5 $1 $16 Nxe4 20. Nxe4 dxe4 21. Qxe4) 19... Nxe5 $14 20. Nd4 Qd7 21. f4 (21. exd5 $11 Nxd5 22. Rad1) 21... Nxe4 $1 $17 22. Nxe4 Nc4 23. Nf6+ gxf6 24. Bf2 Nd6 {[%emt 0:01:34] Prevents Nf5} 25. Nb3 Ne4 26. Bxa7 Rxa7 27. Rad1 {[%emt 0:03:19][%cal Oe1e4] Threatens to win with Rxe4!} Nd6 28. Nc5 Qd8 29. Rxe8+ Qxe8 30. Qf2 b6 31. Nb3 Re7 32. Nd4 {[%emt 0:01:58] Against Re2} (32. Qxb6 $2 Rb7 33. Qf2 (33. Qc5 $2 Qe2 $19) 33... Rxb3 $19) 32... Re4 33. Qh4 Kg7 34. Kh2 {[%emt 0:01:37] [#]} ({White should try} 34. b4 $15) 34... c5 ({Better is} 34... Qd7 $1 $17 35. b4 Re3) 35. Qg4+ $15 Kh8 ({Black should play} 35... Kf8 $15 36. Nf5 Nxf5 37. Qxf5 Qe6 (37... Qxa4 38. Rxd5 Re6 39. Rd8+ Ke7 40. Ra8 $11) 38. Rxd5 Qxf5 39. Rxf5 Kg7) 36. Qh4 {[%emt 0:00:27] [#]} (36. Nf5 $11 Nxf5 37. Qxf5) 36... Kg7 ({Much worse is} 36... cxd4 $6 37. Qxf6+ Kh7 38. Qxd6 $11) (36... Qxa4 37. Qxh6+ Kg8 38. Rd3) (36... Kh7 $1 $17 37. Qxf6 Qd7) 37. Qg4+ Kh8 38. Qh4 Kg7 ({But not} 38... cxd4 39. Qxf6+ Kh7 40. Qxd6 $11) ({Worse is} 38... Qxa4 39. Qxh6+ Kg8 40. Rd3) 39. Qg4+ {Weighted Error Value: White=0.17 (very precise) /Black=0.17 (very precise) .  Mistake:       	White=5     	Black=3      Inaccurate:     	White=2     	Black=4      OK:         	White=11    	Black=10     Best:        	White=2     	Black=1      Strong:       	---       	Black=1} 1/2-1/2

[Event "Czech Extraliga 2023-24"]
[Site "Czech Republic"]
[Date "2024.02.10"]
[Round "7.7"]
[White "Svanda, Ondrej"]
[Black "Velicka, Petr"]
[Result "1/2-1/2"]
[ECO "C65"]
[WhiteElo "2369"]
[BlackElo "2369"]
[Annotator "TA"]
[PlyCount "93"]
[EventDate "2023.10.14"]
[EventCountry "CZE"]
[SourceTitle "playchess.com"]
[Source "ChessBase"]
[SourceQuality "1"]
[TimeControl "40/5400+30:1800+30"]

1. e4 e5 2. Nf3 Nc6 3. Bb5 Nf6 4. d3 Bc5 5. c3 O-O 6. O-O d6 7. Re1 a6 8. Bxc6 bxc6 9. Bg5 {[%emt 0:00:09] The position is equal.} h6 10. Bh4 Bg4 11. Nbd2 g5 12. Bg3 Nd7 13. h3 Bh5 14. Qa4 f6 15. d4 Ba7 16. Qxa6 Bxd4 $1 17. Qxc6 Bb6 18. Qb5 Nc5 19. Qe2 Qe8 20. b4 Na4 21. Qd3 Qe6 22. Nh2 Kg7 23. Nc4 Bf7 {[%emt 0:00:41][%mdl 1024] Black has compensation.} 24. Nd2 Bh5 (24... Nb2 $15 25. Qc2 Rxa2 26. Rxa2 Qxa2) 25. Kh1 Bg6 26. f3 f5 27. Nhf1 (27. exf5 $11 Bxf5 28. Qc4 (28. Ne4 d5 $11)) 27... f4 $17 28. Bh2 Bf7 {[%emt 0:00:21] White is weak on the dark squares} (28... Nb2 29. Qc2 Na4 (29... Rxa2 $2 30. Rxa2 Qxa2 31. Rb1 $18) 30. Bg1 $11) 29. Qc2 ({White should try} 29. Bg1) 29... h5 30. Bg1 (30. Rab1 $17) 30... g4 $19 31. Bxb6 Nxb6 ({Don't do} 31... cxb6 32. Nh2) 32. a4 gxh3 {[%emt 0:00:20] ...Kh6 would now be deadly.} 33. Re2 Kh6 34. a5 Rg8 {[%emt 0:00:17] Strongly threatening ...Rg6.} 35. gxh3 Rg7 {[%emt 0:04:17][%cal Oa8g8] [#] Threatens to win with ...Rag8!} (35... Qxh3+ 36. Rh2 Qe6 37. Nb1) 36. Nh2 Qxh3 {[%emt 0:01:31][%cal Oa8g8] ( -> ...Rag8!)} 37. Rg1 $2 (37. Qc1 {was worth a try.} Nc4 38. Qf1) 37... Rxg1+ 38. Kxg1 Rg8+ 39. Ng4+ $2 {[%emt 0:01:29] [#]} (39. Kh1 $19 Nc4 40. Ndf1) 39... Kg7 $2 (39... hxg4 {mates} 40. Rh2 gxf3+ 41. Kh1 Qxh2+ 42. Kxh2 Rg2+ 43. Kh1 Nc4 44. Qd3 Nxd2 45. c4 Bxc4 (45... Nxc4 $2 46. Qxf3 Rg3 47. Qxg3 $19) 46. Qxf3 Nxf3 47. Kxg2 Ng5 48. b5 Bxb5 49. Kf2 Nxe4+ 50. Kf3 Nd2+ 51. Kf2 e4 52. Kg2 e3 53. a6 f3+ (53... Bxa6 {is a self mate.} 54. Kg1 f3 55. Kh2 f2 56. Kg3 f1=Q 57. Kh2 Qf2+ 58. Kh3 Bc8#) 54. Kh2 e2 (54... Bxa6 55. Kh3 f2 56. Kh4 f1=Q 57. Kg3 Qf2+ 58. Kh3 Bc8#) 55. Kh3 e1=Q (55... e1=B 56. a7 f2 57. a8=Q f1=Q+ 58. Qg2 Qf4 59. Qg5+ Qxg5 60. Kh2 Qg3+ 61. Kh1 Bc6#) 56. a7 Bd7+ 57. Kh2 Qf2+ 58. Kh1 Qg2#) 40. Rh2 $15 Qg3+ 41. Rg2 Qe1+ 42. Nf1 $1 hxg4 {[%emt 0:00:00] Black has an edge.} 43. Rxg4+ Kf6 44. Rxg8 Bxg8 45. axb6 cxb6 {[%emt 0:00:00] White must now prevent ...Bc4.} 46. Qd2 Qxd2 47. Nxd2 {[%emt 0:00:00] Black had all chances to win.   Weighted Error Value: White=0.31/Black=0.19 (very precise) .  Missed win:     	---       	Black=1      Mistake:       	White=5     	Black=1      Inaccurate:     	White=4     	Black=3      OK:         	White=10    	Black=19     Best:        	White=3     	Black=4      Strong:       	White=1     	Black=1} 1/2-1/2

[Event "Czech Extraliga 2023-24"]
[Site "Czech Republic"]
[Date "2024.02.10"]
[Round "7.7"]
[White "NOV14 Havelka Josef FM"]
[Black "LIN15 Sharashenidze Akaki FM"]
[Result "1/2-1/2"]
[ECO "C47"]
[WhiteElo "2352"]
[BlackElo "2320"]
[Annotator "NA"]
[PlyCount "75"]
[EventDate "2023.10.14"]
[EventCountry "CZE"]
[SourceTitle "playchess.com"]
[Source "ChessBase"]
[SourceQuality "1"]
[TimeControl "40/5400+30:1800+30"]

1. e4 e5 2. Nf3 Nf6 3. Nc3 Nc6 4. a3 d5 5. exd5 Nxd5 6. Nxe5 Nxc3 7. Nxc6 Nxd1 8. Nxd8 Nxf2 9. Kxf2 Kxd8 10. d4 Bf5 11. c4 Be7 12. Be2 Be4 13. Re1 f5 14. Bf4 Bf6 15. Rad1 Kd7 16. g4 g5 17. Be5 Rhf8 18. gxf5 Bxf5 19. Kg3 Bxe5+ 20. dxe5+ Ke7 21. Bf3 Rad8 22. b4 Rxd1 23. Rxd1 b6 24. Rd4 Rd8 25. Rxd8 Kxd8 26. Bg4 Bg6 27. c5 bxc5 28. bxc5 Ke7 29. Bc8 Bh5 30. h4 h6 31. Bf5 Bd1 32. hxg5 hxg5 33. Bc8 Bb3 34. Bf5 Bd1 35. Bc8 Bb3 36. Bf5 Bd1 37. Bc8 Bb3 38. Bf5 1/2-1/2

[Event "Czech Extraliga 2023-24"]
[Site "Czech Republic"]
[Date "2024.02.10"]
[Round "7.7"]
[White "Burdalev, Kirill"]
[Black "Vavra, Pavel"]
[Result "1/2-1/2"]
[ECO "A81"]
[WhiteElo "2338"]
[BlackElo "2306"]
[Annotator "TA"]
[PlyCount "96"]
[EventDate "2023.10.14"]
[EventCountry "CZE"]
[SourceTitle "playchess.com"]
[Source "ChessBase"]
[SourceQuality "1"]
[TimeControl "40/5400+30:1800+30"]

1. d4 f5 2. g3 Nf6 3. Bg2 g6 4. b3 Bg7 5. Bb2 O-O 6. Nf3 d6 7. O-O Qe8 8. Nbd2 Nc6 9. Nc4 e6 10. a4 a5 11. Ne1 b6 12. Nd3 Bb7 13. Re1 Qc8 14. f3 Nd7 15. e3 d5 16. Nce5 Ncxe5 17. Nxe5 Nxe5 18. dxe5 c5 19. Qd2 Rd8 20. Rad1 Qc7 21. f4 Bf8 22. Qf2 Bc6 23. h3 Rd7 24. Kh2 Rad8 25. Re2 ({White should play} 25. g4 $14) 25... b5 $11 26. axb5 Bxb5 27. Ree1 c4 28. Bd4 Rc8 29. Ra1 cxb3 30. cxb3 Bb4 31. Reb1 Bd3 32. Rb2 Qb7 {[%emt 0:04:45] Threatens to win with ...Rdc7.} 33. Rd1 Qb5 ({Better is} 33... Be4 $17 34. Bxe4 dxe4) 34. Bf1 Bxf1 35. Qxf1 Qxf1 36. Rxf1 {[%emt 0:00:05][%cal Bd1f1,Bf1f2,Bf2g2][%mdl 32] The position is equal.} Rdc7 37. Kg2 Kf7 38. Rff2 Ke7 39. Ra2 Rc6 40. Kf3 Kd7 41. g4 Rc1 42. gxf5 gxf5 43. Rg2 Rf1+ 44. Raf2 Rxf2+ 45. Rxf2 Bc3 {[%emt 0:03:32] [#] Strongly threatening ...Bxd4.} 46. Ra2 Bxd4 47. exd4 Rc3+ 48. Kg2 Rxb3 {[%emt 0:03:10] Weighted Error Value: White=0.08 (flawless) /Black=0.08 (flawless) .  Mistake:       	White=1     	Black=1      Inaccurate:     	White=3     	Black=2      OK:         	White=18    	Black=15     Best:        	White=1     	Black=1} 1/2-1/2

[Event "Czech Extraliga 2023-24"]
[Site "Czech Republic"]
[Date "2024.02.10"]
[Round "7.7"]
[White "Slovak, Kilian"]
[Black "Gnojek, Petr"]
[Result "0-1"]
[ECO "B10"]
[WhiteElo "2296"]
[BlackElo "2428"]
[Annotator "TA"]
[PlyCount "56"]
[EventDate "2023.10.14"]
[EventCountry "CZE"]
[SourceTitle "playchess.com"]
[Source "ChessBase"]
[SourceQuality "1"]
[TimeControl "40/5400+30:1800+30"]

1. e4 c6 2. c4 d5 3. cxd5 cxd5 4. exd5 Nf6 5. Qa4+ Nbd7 6. Nc3 g6 7. Nf3 Bg7 8. Bc4 O-O 9. d3 a6 {[%emt 0:02:13] Hoping for ...b5.} 10. O-O $2 {[%emt 0:03:06][%mdl 8192] [#]} (10. Qa3 $11 {and White is okay.}) 10... b5 $1 $19 11. Qc2 bxc4 12. dxc4 Nb6 13. Qe2 (13. b3 {might work better.}) 13... Bg4 14. Be3 Bxf3 15. gxf3 Rc8 16. Bxb6 Qxb6 17. Rac1 Nh5 18. b3 (18. Qe4 $142) 18... Bxc3 19. Rxc3 Qf6 20. Rfc1 Nf4 21. Qe3 Qg5+ 22. Kf1 Rfd8 {[%emt 0:00:18] White must now prevent ...e6.} 23. Rd1 e6 {[%emt 0:00:11] Strongly threatening ...Qh4.} 24. Rd4 Qg2+ 25. Ke1 Qg1+ 26. Kd2 e5 27. Re4 Qa1 {[%emt 0:01:21][%cal Of4d5] ( -> ...Nxd5!)} (27... Qxh2 $2 28. Rxe5 Nh3 29. Qd4 $19) 28. Rc1 {[%emt 0:00:00] [#]} Rxd5+ $1 {[%emt 0:00:07][%mdl 512] White did not feel at home in the position after the opening.   Weighted Error Value: White=1.42/Black=0.23 (precise) .  Loses game:     	White=1     	---        Mistake:       	White=2     	---        Inaccurate:     	White=2     	---        OK:         	White=1     	Black=6      Strong:       	---       	Black=1} 0-1

[Event "Czech Extraliga 2023-24"]
[Site "Czech Republic"]
[Date "2024.02.10"]
[Round "7.7"]
[White "Studnicka, Tomas"]
[Black "Movsesian, Julia"]
[Result "1/2-1/2"]
[ECO "E05"]
[WhiteElo "2276"]
[BlackElo "2257"]
[Annotator "NA RC"]
[PlyCount "36"]
[EventDate "2023.10.14"]
[EventCountry "CZE"]
[SourceTitle "playchess.com"]
[Source "ChessBase"]
[SourceQuality "1"]
[TimeControl "40/5400+30:1800+30"]

1. c4 d5 2. Nf3 e6 3. g3 Nf6 4. Bg2 Be7 5. O-O O-O 6. d4 dxc4 7. Qa4 a6 8. Qxc4 b5 9. Qc2 Bb7 10. Bf4 Nc6 11. Rd1 Nb4 12. Qc1 Rc8 13. Nc3 Nbd5 14. Ne5 c5 15. Nxd5 Bxd5 16. Bxd5 Nxd5 17. dxc5 Rxc5 18. Qd2 Nxf4 1/2-1/2

[Event "Czech Extraliga 2023-24"]
[Site "Czech Republic"]
[Date "2024.02.10"]
[Round "7.8"]
[White "Mica, Marek"]
[Black "Warchol, Kamil"]
[Result "1-0"]
[ECO "E11"]
[WhiteElo "2364"]
[BlackElo "2152"]
[Annotator "RC"]
[PlyCount "81"]
[EventDate "2023.10.14"]
[EventCountry "CZE"]
[SourceTitle "playchess.com"]
[Source "ChessBase"]
[SourceQuality "1"]
[TimeControl "40/5400+30:1800+30"]

1. Nf3 d5 2. d4 Nf6 3. c4 e6 4. g3 Bb4+ 5. Bd2 Be7 6. Bg2 O-O 7. Qc2 c6 8. Nc3 Nbd7 9. Rd1 dxc4 10. h4 Re8 11. h5 h6 12. g4 Nh7 13. Ne5 Ndf8 14. Bf4 Bd6 15. Qc1 Ng5 16. Nxc4 Bxf4 17. Qxf4 Nd7 18. e4 Qe7 19. Qd6 f6 20. Qxe7 Rxe7 21. f4 Nf7 22. e5 Nb6 23. Nxb6 axb6 24. O-O Bd7 25. a3 Rd8 26. Na4 c5 27. Nxb6 Bb5 28. exf6 gxf6 29. Rfe1 Kf8 30. dxc5 Rxd1 31. Rxd1 Be2 32. Rd2 Bxg4 33. Nd7+ Kg7 34. Bxb7 e5 35. c6 Bxd7 36. Rxd7 Rxd7 37. cxd7 exf4 38. a4 Kf8 39. a5 Ke7 40. a6 Nd6 41. a7 1-0